 Dungeon Crawl Stone Soup version 0.20-a0-1026-gc3ddcbd (webtiles) character file.

28 Rrauwl the Digger (level 2, -2/26 HPs)
             Began as a Troll Earth Elementalist on Apr 20, 2017.
             Slain by Terence
             ... wielding a +2 hand axe of chopping
              (6 damage)
             ... on level 2 of the Dungeon.
             The game lasted 00:01:57 (713 turns).

Rrauwl the Digger (Troll Earth Elementalist)         Turns: 713, Time: 00:01:58

Health: -2/26      AC:  5    Str: 15    XL:     2   Next: 96%
Magic:  2/2        EV: 10    Int: 11    God:
Gold:   128        SH:  0    Dex: 10    Spells: 2/3 levels left

rFire    . . .     SeeInvis .   (no weapon)
rCold    . . .     Gourm    +   (no shield)
rNeg     . . .     Faith    .   c - +0 robe
rPois    .         Spirit   .   (helmet restricted)
rElec    .         Reflect  .   (no cloak)
rCorr    .         Harm     .   (gloves unavailable)
MR       .....                  (boots unavailable)
Stlth    +.........             (no amulet)
Regen    0.5/turn               (no ring)
MPRegen  0.1/turn               (no ring)

@: no status effects
A: unfitting armour, claws 3, fast metabolism 3, gourmand, regeneration 1,
shaggy fur 1, tough skin 2
a: no special abilities


You were on level 2 of the Dungeon.
You were completely stuffed.

You visited 1 branch of the dungeon, and saw 2 of its levels.

You collected 128 gold pieces.

Inventory:

Missiles
 b - 59 stones (quivered)
 k - 23 bolts
Armour
 c - a +0 robe (worn)
Scrolls
 a - a scroll of noise {unknown}
 f - 2 scrolls of identify {unknown}
 g - a scroll of teleportation {unknown}
 j - a scroll of immolation {unknown}
 l - a scroll of fear {unknown}
Potions
 h - a potion of ambrosia {unknown}
 i - a potion of flight {unknown}
 n - a potion of heal wounds {unknown}
Books
 e - a book of Geomancy

   Spells                             Type                      Level
   a - Sandblast                      Earth                        1
   b - Passwall                       Transmutation/Earth          2
   c - Stone Arrow                    Conjuration/Earth            3
   d - Petrify                        Transmutation/Earth          4
   e - Lee's Rapid Deconstruction     Earth                        5
Comestibles
 d - 3 bread rations
 m - 3 chunks of flesh


   Skills:
 + Level 0.5 Fighting
 - Level 2.0 Dodging
 - Level 1.0 Stealth
 - Level 1.2 Spellcasting
   Level 0.6 Transmutations
 + Level 3.3 Earth Magic


You had 2 spell levels left.
You knew the following spells:

 Your Spells              Type           Power        Failure   Level  Hunger
a - Sandblast             Erth           #.....       8%          1    ##.....


Dungeon Overview and Level Annotations

Branches:
Dungeon (2/15)

Altars:

Annotations:
D:2 Terence


Innate Abilities, Weirdness & Mutations

You are too large for most types of armour.
You have claws for hands.
Your metabolism is lightning-fast.
You like to eat raw meat.
Your natural rate of healing is unusually fast.
You are covered in fur. (AC +1)
You have very tough skin. (AC +2)


Message History

Terence hits you with a hand axe of chopping.
* * * LOW HITPOINT WARNING * * *
You are too injured to fight recklessly!
You are too injured to fight recklessly!
You are too injured to fight recklessly!
You are too injured to fight recklessly!
You are too injured to fight recklessly!
You are too injured to fight recklessly!
You are too injured to fight recklessly!
You barely miss Terence.
Terence is heavily wounded.
Terence barely misses you.
You barely miss Terence.
Terence is heavily wounded.
Terence hits you with a hand axe of chopping.
* * * LOW HITPOINT WARNING * * *
x2 You scratch Terence.
Terence is severely wounded.
Terence hits you with a hand axe of chopping.
You die...

.# #.# #######..
#.......# #..>....#
#.......# ....
#.....@.# #...
#.....@.# #....
#.......# .....#
#.......#
......####...#.##
........##.###.#
........♣.♣###.#
.....♣.....♣#..
#..........##. ###...
#..♣...)...♣#...#....


You could see Terence.

Vanquished Creatures
  An ooze (D:2)
  A dart slug (D:1)
  A leopard gecko (D:2)
  A giant cockroach (D:1)
  2 goblins
  5 hobgoblins
  A jackal (D:1)
  2 quokkas (D:2)
  2 bats (D:1)
  2 rats
18 creatures vanquished.

Notes
Turn   | Place    | Note
-------+----------+-------------------------------------------
     0 | D:1      | Rrauwl the Troll Earth Elementalist began the quest for the Orb.
     0 | D:1      | Reached XP level 1. HP: 16/16 MP: 1/1
   230 | D:1      | Reached XP level 2. HP: 11/24 MP: 2/2
   547 | D:1      | Reached skill level 3 in Earth Magic
   700 | D:2      | Noticed Terence
   713 | D:2      | Slain by Terence

Vault maps used:
D:1:      mainiacjoe_arrival_reflecting_pool, minmay_tall_x
D:2:      marbit_many_paths, serial_forest, infiniplex_forest_clump_long,
          infiniplex_forest_zigzag_1, infiniplex_forest_lined_ring,
          infiniplex_forest_lined_room_, infiniplex_forest_end_3, uniq_terence

Skill      XL: |  1  2 |
---------------+-------+-----
Dodging        | 2 |  2.0
Earth Magic    | 3 |  3.3
Fighting       | |  0.5
Stealth        | |  1.0
Spellcasting   | |  1.2
Transmutations | |  0.6

Action                   || total
-------------------------++-------
Melee: Unarmed           ||    65
 Stab: Sleeping          ||     1
  Eat: Chunk             ||    12
Armor: Robe              ||    30
Dodge: Dodged            ||    32
